 Dungeon Crawl Stone Soup version 0.31-a0-523-g071a6c1ffa (webtiles) character file.

Game seed: 13072678262619289131

16593 bmack86 the Severer (level 12, -7/110 HPs)
             Began as a Minotaur Fighter on Aug 12, 2023.
             Was an Initiate of Gozag.
             Mangled by Rupert
             ... wielding a +0 great mace of protection
              (12 damage)
             ... on level 12 of the Dungeon.
             The game lasted 00:32:35 (11365 turns).

bmack86 the Severer (Minotaur Fighter)             Turns: 11365, Time: 00:32:38

Health: -7/110     AC: 24    Str: 31    XL:     12   Next: 11%
Magic:  11/11      EV:  8    Int: 13    God:    Gozag
Gold:   2838       SH:  5    Dex: 11    Spells: 11/11 levels left

rFire   . . .        L - +0 broad axe
rCold   + . .        c - +0 buckler
rNeg    . . .        G - +1 plate armour "Xayddock" {Int+2 Slay+4}
rPois   .            (helmet restricted)
rElec   +            j - +2 cloak
rCorr   .            U - +1 pair of gloves {hurl}
SInv    .            v - +2 pair of boots
Will    .....        M - amulet of regeneration Stlth
                     e - +6 ring of strength
HPRegen 1.18/turn    F - ring "Putyk" {rElec rC+ Int+6}
MPRegen 0.12/turn

%: no passive effects
@: mighty, brilliant
A: horns 2, retaliatory headbutt
a: Renounce Religion, Potion Petition, Call Merchant, Bribe Branch


You were on level 12 of the Dungeon.
You worshipped Gozag.
Gozag was most pleased with you.
You visited 2 branches of the dungeon, and saw 13 of its levels.
You also visited: Bailey.

You collected 3915 gold pieces.
You spent 11 gold pieces at shops.
You paid 1066 gold pieces to Gozag.

Inventory:

Hand Weapons
 a - a +0 war axe
 L - a +0 broad axe (weapon)
Missiles
 f - 5 javelins
 u - 8 boomerangs
 O - 4 throwing nets
Armour
 c - a +0 buckler (worn)
 j - a +2 cloak (worn)
 v - a +2 pair of boots (worn)
 G - the +1 plate armour "Xayddock" (worn) {Int+2 Slay+4}
   (You found it on level 6 of the Dungeon)

   Int+2:     It affects your intelligence (+2).
   Slay+4:    It affects your accuracy & damage with ranged weapons and melee
   (+4).
 S - a +4 plate armour
 U - a +1 pair of gloves of hurling (worn)
Jewellery
 e - a +6 ring of strength (left hand)
 s - an amulet of reflection
 y - a +6 ring of dexterity
 z - a ring of protection from fire
 F - the ring "Putyk" (right hand) {rElec rC+ Int+6}
   (You found it on level 6 of the Dungeon)

   [ring of intelligence]

   Int+6:     It affects your intelligence (+6).
   rC+:       It protects you from cold.
   rElec:     It insulates you from electricity.
 K - a +6 ring of dexterity
 M - an amulet of regeneration (around neck)
Wands
 q - a wand of mindburst (20) (quivered)
 A - a wand of polymorph (14)
 C - a wand of iceblast (36)
 J - a wand of light (6)
Scrolls
 g - 3 scrolls of fog
 x - 4 scrolls of teleportation
 E - a scroll of revelation
 H - a scroll of enchant armour
 Q - a scroll of vulnerability {unknown}
 T - a scroll of identify
Potions
 h - 5 potions of curing
 i - 6 potions of enlightenment
 k - 4 potions of haste
 n - 3 potions of brilliance
 o - 2 potions of cancellation
 p - 3 potions of invisibility
 r - a potion of resistance {unknown}
 t - 3 potions of mutation {unknown}
 w - 2 potions of experience {unknown}
 B - 2 potions of heal wounds {unknown}
 I - a potion of magic {unknown}
 N - 2 potions of lignification {unknown}
 P - a potion of ambrosia {unknown}


   Skills:
 * Level 11.4 Fighting
 - Level 18.0 Axes
 + Level 1.7 Throwing
 + Level 8.5 Armour
 - Level 8.1 Shields


You had 11 spell levels left.
You didn't know any spells.
Your spell library contained the following spells:

 Spells                   Type           Power      Damage    Failure   Level
 Kiss of Death            Conj/Necr      0%         2d5       95%         1
 Blink                    Tloc           0%         N/A       98%         2
 Lesser Beckoning         Tloc           0%         N/A       98%         2
 Momentum Strike          Conj/Tloc      0%         3d8       98%         2
 Confusing Touch          Hex            0%         N/A       100%        3
 Ozocubu's Armour         Ice            0%         N/A       100%        3
 Volatile Blastmotes      Fire/Tloc      0%         2d10      100%        3
 Dispel Undead            Necr           0%         3d6       100%        4
 Fulminant Prism          Conj/Hex       0%         3d5       100%        4
 Iskenderun's Mystic Bla  Conj/Tloc      0%         2d3       100%        4
 Metabolic Englaciation   Hex/Ice        0%         N/A       100%        5
 Simulacrum               Ice/Necr       Unusable   N/A       N/A         6

Dungeon Overview and Level Annotations

Branches:
Dungeon (12/15)            Temple (1/1) D:4            Lair (0/5) D:8
    Orc (0/2) D:12         Bailey (visited)

Altars:
Ashenzari
Cheibriados
Dithmenos
Elyvilon
Fedhas
Gozag
Hepliaklqana
Kikubaaqudgha
Makhleb
Nemelex Xobeh
Okawaru
Qazlal
Ru
Sif Muna
Trog
Uskayaw
Vehumet
Wu Jian
Xom
Yredelemnul
Zin
The Shining One

Shops:
D:1 !

Annotations:
D:12 Rupert
Temple 2 transporters


Innate Abilities, Weirdness & Mutations

You have a pair of horns on your head.
You reflexively headbutt those who attack you in melee.


Message History

Rupert roars wildly at you.
You suddenly lose the ability to move!
Rupert yells loudly at you.
You struggle to resist.
Rupert screams, "Die, monster!"
You can move again.
There is a stone staircase leading up here.
You climb upwards.
There is a stone staircase leading down, spattered with blood here.
You start resting.
HP restored.
You climb downwards.
Level annotation: Rupert Rupert yells loudly at you.
You struggle to resist.
There is a stone staircase leading up here.
You feel very mighty all of a sudden.
Rupert roars madly and goes into a rage!
Rupert goes berserk!
You slash Rupert!
Rupert is lightly wounded.
Rupert hits you with a +0 great mace of protection!
Rupert hits you with a +0 great mace of protection!!
You slice Rupert!!
Rupert is lightly wounded.
Rupert hits you with a +0 great mace of protection!
You slice Rupert!! You headbutt Rupert, but do no damage.
Rupert is moderately wounded.
Rupert hits you with a +0 great mace of protection!
You slice Rupert!! You headbutt Rupert, but do no damage.
Rupert is heavily wounded.
Rupert hits you with a +0 great mace of protection!!
* * * LOW HITPOINT WARNING * * *
It was a potion of brilliance.
You feel clever all of a sudden.
Rupert hits you with a +0 great mace of protection!
* * * LOW HITPOINT WARNING * * *
Rupert hits you with a +0 great mace of protection!
You die...
Your body crumbles into a pile of gold.

## .# #.# ..#
######.^#
##.......#
##........#
#.....@@..#
#.....>...#
#.[.......#
#..<......#
...........#
...........).
..............
<........^...##
..........(>.#


You could see Rupert (berserk).

Vanquished Creatures
  Josephine (D:10)
  Harold (D:11)
  A boulder beetle (D:11)
  5 two-headed ogres
  An orc high priest (Bailey)
  Lodul (D:11)
  2 orc knights (Bailey)
  The ghost of justen the Changeling, a novice OpSh (D:6)
  Psyche (D:9)
  A kobold demonologist (Bailey)
  A komodo dragon (D:8)
  Grinder (D:3)
  A hornet (D:8)
  6 slime creatures
  A shadow (D:9)
  Sigmund (D:3)
  A vampire (D:9)
  3 wyverns
  A basilisk (D:8)
  4 yaks (D:7)
  6 wraiths
  2 water moccasins
  An ice beast (D:4)
  10 orc warriors
  2 sky beasts
  A black bear (D:6)
  9 ogres
  6 centaurs
  2 phantoms (D:5)
  2 kobold brigands (D:9)
  A gnoll sergeant (D:9)
  3 bullfrogs
  5 scorpions
  An electric eel (Bailey)
  2 howler monkeys
  6 orc priests
  5 hounds
  Crazy Yiuf (D:3)
  2 gnoll boudas
  5 jellies
  2 sleepcaps (D:7)
  3 iguanas
  Ijyb (D:3)
  2 orc wizards
  26 gnolls
  7 adders
  A white imp (D:7)
  An ufetubus (D:6)
  4 worms
  5 dart slugs
  38 orcs
  6 endoplasms
  A giant cockroach (D:4)
  24 goblins
  22 hobgoblins
  4 jackals
  A quokka (D:2)
  9 ball pythons
  3 bats (D:1)
  A frilled lizard (D:2)
  16 kobolds
  4 rats
288 creatures vanquished.

Vanquished Creatures (others)
  A kobold (D:9)
1 creature vanquished.

Grand Total: 289 creatures vanquished

Notes
Turn   | Place    | Note
-------+----------+-------------------------------------------
     0 | D:1      | bmack86 the Minotaur Fighter began the quest for the Orb.
     0 | D:1      | Reached XP level 1. HP: 19/19 MP: 0/0
   281 | D:1      | Reached skill level 3 in Axes
   319 | D:1      | Reached XP level 2. HP: 24/26 MP: 1/1
   381 | D:1      | Found Qeclaele's Distillery.
   417 | D:1      | Bought a potion of degeneration for 11 gold pieces
   677 | D:1      | Reached skill level 4 in Axes
  1004 | D:2      | Found a glowing golden altar of the Shining One.
  1115 | D:2      | Reached XP level 3. HP: 31/31 MP: 2/2
  1584 | D:3      | Reached skill level 5 in Axes
  1713 | D:3      | Reached XP level 4. HP: 19/39 MP: 3/3
  1840 | D:3      | Found a faded altar of an unknown god.
  1851 | D:3      | Noticed Sigmund
  1856 | D:3      | Killed Sigmund
  1857 | D:3      | Reached skill level 7 in Axes
  1857 | D:3      | Reached XP level 5. HP: 45/45 MP: 4/4
  1884 | D:3      | Noticed Ijyb
  1890 | D:3      | Killed Ijyb
  2733 | D:3      | Noticed Grinder
  2744 | D:3      | Killed Grinder
  2745 | D:3      | Reached skill level 8 in Axes
  2745 | D:3      | Reached XP level 6. HP: 24/51 MP: 5/5
  2751 | D:3      | Identified the +9 hammer "Spider's Undoing" {venom, *Noise
                  | Int+6 Dex+3}
  2843 | D:3      | Found a runed translucent door.
  2844 | D:3      | Noticed Crazy Yiuf
  2853 | D:3      | Killed Crazy Yiuf
  2854 | D:3      | Reached skill level 9 in Axes
  3389 | D:3      | Reached XP level 7. HP: 40/57 MP: 6/6
  3657 | D:4      | Reached skill level 10 in Axes
  3794 | D:4      | Found a shadowy altar of Dithmenos.
  3825 | D:4      | Found a staircase to the Ecumenical Temple.
  3836 | Temple   | Found a transporter.
  3836 | Temple   | Found a transporter.
  3836 | Temple   | Found a transporter.
  3836 | Temple   | Found a transporter.
  3836 | Temple   | Entered the Ecumenical Temple
  3856 | Temple   | Became a worshipper of Gozag Ym Sagoz the Greedy
  4589 | D:4      | Reached skill level 11 in Axes
  4678 | D:4      | Reached XP level 8. HP: 64/64 MP: 7/7
  4880 | D:5      | Entered Level 5 of the Dungeon
  5003 | D:5      | Reached skill level 12 in Axes
  5236 | D:5      | Identified the +0 ring mail of the Cobbler {rF+ Str+5
                  | Dex-5}
  5340 | D:5      | Reached skill level 13 in Axes
  5620 | D:6      | Identified the ring "Putyk" {rElec rC+ Int+6}
  5713 | D:6      | Found a shimmering blue altar of Sif Muna.
  5747 | D:6      | Identified the +1 plate armour "Xayddock" {Int+2 Slay+4}
  5793 | D:6      | Found an iron altar of Okawaru.
  5814 | D:6      | Reached skill level 14 in Axes
  5814 | D:6      | Reached XP level 9. HP: 70/70 MP: 8/8
  5825 | D:6      | Found a basalt altar of Yredelemnul.
  5841 | D:6      | Found a stormy altar of Qazlal.
  5845 | D:6      | Found a bloodstained altar of Trog.
  5847 | D:6      | Found a shimmering altar of Xom.
  5853 | D:6      | Found a broken altar of Ashenzari.
  6141 | D:6      | Found a runed translucent gate.
  6141 | D:6      | Noticed justen's ghost (novice OpSh)
  6143 | D:6      | Found a runed translucent gate.
  6144 | D:6      | Found a runed translucent gate.
  6392 | D:7      | Reached skill level 15 in Axes
  6617 | D:7      | You fall into a shaft and drop 3 floors!
  6617 | D:10     | Entered Level 10 of the Dungeon
  6729 | D:10     | Noticed a two-headed ogre
  6736 | D:10     | Killed a two-headed ogre
  6737 | D:10     | Reached skill level 16 in Axes
  6799 | D:10     | Noticed a two-headed ogre
  6811 | D:10     | Killed a two-headed ogre
  6812 | D:10     | Reached skill level 17 in Axes
  6812 | D:10     | Reached XP level 10. HP: 63/77 MP: 9/9
  6961 | D:9      | Noticed Maurice
  6962 | D:9      | Maurice changed into Maurice the worm
  6962 | D:9      | Noticed Maurice
  6968 | D:9      | Killed Maurice the worm
  7067 | D:9      | Noticed a two-headed ogre
  7071 | D:9      | Noticed a two-headed ogre
  7076 | D:9      | Killed a two-headed ogre
  7084 | D:9      | Reached skill level 18 in Axes
  7086 | D:9      | Killed a two-headed ogre
  7087 | D:9      | Reached skill level 5 in Fighting
  7184 | D:8      | Found a flagged portal.
  7205 | Bailey   | Entered a bailey
  7394 | Bailey   | Found an iron altar of Okawaru.
  7407 | Bailey   | Noticed an orc high priest
  7415 | Bailey   | Killed an orc high priest
  7416 | Bailey   | Reached skill level 5 in Armour
  7416 | Bailey   | Reached skill level 5 in Shields
  7416 | Bailey   | Noticed an orc knight
  7435 | Bailey   | Killed an orc knight
  7460 | Bailey   | Reached XP level 11. HP: 92/92 MP: 10/10
  7578 | Bailey   | Noticed an orc knight
  7598 | Bailey   | Killed an orc knight
  7750 | Bailey   | Acquired 1092 gold pieces
  8538 | D:8      | Found a sparkling altar of Nemelex Xobeh.
  8545 | D:8      | Found a white marble altar of Elyvilon.
  8548 | D:8      | Found a glowing golden altar of the Shining One.
  8548 | D:8      | Found a snail-covered altar of Cheibriados.
  8555 | D:8      | Found a glowing silver altar of Zin.
  8608 | D:8      | Found a staircase to the Lair.
  9348 | D:9      | Noticed Psyche
  9358 | D:9      | Killed Psyche
  9992 | D:10     | Noticed Josephine
 10003 | D:10     | Killed Josephine
 10286 | D:11     | Noticed Lodul
 10295 | D:11     | Killed Lodul
 10297 | D:11     | Reached skill level 10 in Fighting
 10557 | D:11     | Noticed Harold
 10568 | D:11     | Killed Harold
 10689 | D:11     | Noticed a boulder beetle
 10709 | D:11     | Killed a boulder beetle
 10827 | D:11     | Noticed a two-headed ogre
 10836 | D:11     | Killed a two-headed ogre
 11113 | D:6      | Killed justen's ghost
 11114 | D:6      | Reached XP level 12. HP: 106/110 MP: 11/11
 11307 | D:11     | Reached skill level 1 in Throwing
 11341 | D:12     | Found a staircase to the Orcish Mines.
 11341 | D:12     | Noticed Rupert
 11342 | D:12     | Paralysed by Rupert for 4 turns
 11365 | D:12     | HP: 5/110 [Rupert/+0 great mace of protection (10)]
 11365 | D:12     | Mangled by Rupert

Illustrated notes

Levels and vault maps discovered:
D:1:      psy_arrival_statuary, layout_basic, serial_shops, shop,
          serial_bayou_pond_d
D:2:      layout_basic, basic_altar, minmay_misc_feat_secret_circle,
          kennysheep_potato
D:3:      kennysheep_slugbush, layout_loops_ring,
          hellmonk_ecumenical_altar_zigzags, uniq_crazy_yiuf_cottage, uniq_ijyb,
          uniq_grinder, uniq_sigmund
D:4:      corexii_shantytown, layout_cave_pods, mainiacjoe_overflow_boulevard,
          minmay_temple_entry_mini_moons, minmay_fractal_squares_5
D:5:      layout_rooms
D:6:      layout_rooms, nicolae_sif_muna_little_library,
          nicolae_overflow_hallway_of_the_gods, kennysheep_mini,
          biasface_ghost_orc_armoury, corexii_item_surrounded_by_moat
D:7:      layout_rooms
D:8:      layout_loops_cross, nicolae_overflow_hallway_of_the_gods,
          david_lair_shrubbed, enter_bailey_3, roderic_lattice_a
D:9:      layout_cave_pools, uniq_psyche, uniq_maurice
D:10:     layout_basic, minivault_25_ag, due_unseen_surprise, uniq_josephine
D:11:     layout_cave_pools, kennysheep_generic_room_14, uniq_harold, uniq_lodul
D:12:     layout_rooms, orc_0_dummy, uniq_rupert
Temple:   hellmonk_temple_divided_pantheon

Skill      XL: |  1  2  3  4  5  6  7  8  9 10 11 12 |
---------------+-------------------------------------+-----
Axes           | 3 4 5 7 8 9 11 14 17 18 | 18.0
Fighting       | 7 11 | 11.4
Armour         | 5 8 |  8.5
Shields        | 5 8 |  8.1
Throwing       | 1 |  1.7

Action                     |  1- 3 |  4- 6 |  7- 9 | 10-12 || total
---------------------------+-------+-------+-------+-------++-------
  Melee: War axe           |    92 |    36 |   265 |    66 ||   459
         Headbutt          |     6 |     8 |    47 |    59 ||   120
         Broad axe         |       |       |       |   211 ||   211
 Invoke: Potion Petition   |       |       |       |     2 ||     2
  Evoke: Wand              |       |       |     4 |    12 ||    16
    Use: Scroll            |       |       |    14 |     3 ||    17
         Potion            |       |       |       |     3 ||     3
   Stab: Distracted        |       |       |     1 |     1 ||     2
         Invisible         |       |       |       |     6 ||     6
 Armour: Scale mail        |    49 |     7 |    68 |       ||   124
         Plate armour      |       |       |    23 |   110 ||   133
  Dodge: Dodged            |    39 |    15 |    68 |    52 ||   174
  Block: Buckler           |    17 |    10 |   119 |    98 ||   244
         Reflection        |       |       |     5 |     8 ||    13

Table legend: (Time is in decaauts)
 A = Elapsed time spent in this place.
 B = Non-inter-level travel time spent in this place.
 C = Inter-level travel time spent in this place.
 D = Time resting spent in this place.
 E = Time spent auto-exploring this place.
 F = Levels seen in this place.
 G = Mean time per level.
                   A        B        C        D        E       F      G
               +--------+--------+--------+--------+--------+-----+--------+
         Total |  11323 |  10579 |    744 |    678 |   6189 |  14 |  808.8 |
       Dungeon |  10436 |   9692 |    744 |    568 |   5925 |  12 |  869.7 |
        Temple |     40 |     40 |      0 |      0 |      0 |   1 |   40.0 |
        Bailey |    846 |    846 |      0 |    110 |    263 |   1 |  846.0 |
               +--------+--------+--------+--------+--------+-----+--------+

Top non-repeatable levels by time:
     D:4: 1384 daAuts
     D:3: 1363 daAuts
     D:2: 1336 daAuts
     D:6: 1003 daAuts
    D:10: 998 daAuts
  Bailey: 846 daAuts
     D:8: 836 daAuts
     D:1: 802 daAuts
    D:11: 763 daAuts
     D:9: 737 daAuts
     D:7: 682 daAuts
     D:5: 507 daAuts
  Temple: 40 daAuts
    D:12: 20 daAuts
